MLB
ARIZONA DIAMONDBACKS @ LOS ANGELES DODGERS
05/22/2048
 
TOP OF THE 1ST
Arizona Diamondbacks batting - Pitching for Los Angeles Dodgers : RHP Kalititi Haki
Pitching: RHP Kalititi Haki
Batting: RHB Katilimomi Kelekolio 0-0: Ball
1-0: Ball
2-0: Foul Ball, location: 2F
2-1: Foul Ball, location: 2F
2-2: Strikes out looking
Batting: LHB Roy Steigerwald 0-0: Called Strike
0-1: SINGLE (Line Drive, 7S, EV 100.6 MPH)
Batting: SHB Perry Tuckfard 0-0: Ball
1-0: Ball
2-0: Foul Ball, location: 2F
2-1: Ball
3-1: Base on Balls
Roy Steigerwald to second
Batting: LHB Jason Peck 0-0: Swinging Strike
0-1: Ball
1-1: Ball
2-1: Foul Ball, location: 2F
2-2: Strikes out looking
Batting: LHB Joel Kunkler 0-0: Called Strike
0-1: Called Strike
0-2: Ball
1-2: Foul Ball, location: 2F
1-2: Ball
2-2: Ball
Wild Pitch!
Roy Steigerwald to third
Perry Tuckfard to second
3-2: DOUBLE (Line Drive, 3D, EV 105.6 MPH)
Roy Steigerwald scores
Perry Tuckfard scores
Batting: RHB Andy Swaim 0-0: Ball
1-0: Called Strike
1-1: Foul Ball, location: 2F
1-2: Hit by Pitch
Batting: SHB Salvador Aragon 0-0: Called Strike
0-1: Ball
1-1: Foul Ball, location: 2F
1-2: Fly out, F9 (Flyball, 9LM, EV 105.0 MPH)
Top of the 1st over - 2 runs, 2 hits, 0 errors, 2 left on base; Arizona 2 - Los Angeles 0
BOTTOM OF THE 1ST
Los Angeles Dodgers batting - Pitching for Arizona Diamondbacks : LHP Murphy Quirk
Pitching: LHP Murphy Quirk
Batting: RHB Tim Nettles 0-0: Ball
1-0: Foul Ball, location: 2F
1-1: Foul Ball, location: 2F
1-2: Foul Ball, location: 2F
1-2: Fly out, F8 (Flyball, 8RS, EV 75.0 MPH)
Batting: SHB Joel Baker 0-0: Swinging Strike
0-1: Called Strike
0-2: Strikes out swinging
Batting: LHB Lirak Bazhunaishvili 0-0: Called Strike
0-1: Ball
1-1: Ball
2-1: Ground out 6-3 (Groundball, 6, EV 89.4 MPH)
Bottom of the 1st over - 0 runs, 0 hits, 0 errors, 0 left on base; Arizona 2 - Los Angeles 0
TOP OF THE 2ND
Arizona Diamondbacks batting - Pitching for Los Angeles Dodgers : RHP Kalititi Haki
Batting: LHB Mike Mentzer 0-0: Called Strike
0-1: Ball
1-1: SINGLE (Line Drive, 8LS, EV 92.5 MPH)
Batting: SHB Warren Eisner 0-0: Fielders Choice at 2nd, 6-4 (Groundball, 6M, EV 99.4 MPH)
Batting: RHB Katilimomi Kelekolio 0-0: Swinging Strike
0-1: Foul Ball, location: 2F
0-2: Strikes out looking
Batting: LHB Roy Steigerwald 0-0: Called Strike
0-1: Ball
1-1: Foul Ball, location: 2F
1-2: DOUBLE (Line Drive, 7LM, EV 108.8 MPH)
Warren Eisner to third
Runner from 3rd tries for Home, SAFE, throw by LF to home
Batting: SHB Perry Tuckfard 0-0: Called Strike
0-1: Ball
1-1: Swinging Strike
1-2: Strikes out swinging
Top of the 2nd over - 1 run, 2 hits, 0 errors, 1 left on base; Arizona 3 - Los Angeles 0
BOTTOM OF THE 2ND
Los Angeles Dodgers batting - Pitching for Arizona Diamondbacks : LHP Murphy Quirk
Batting: RHB Clay Buchanan 0-0: Foul Ball, location: 2F
0-1: Called Strike
0-2: Strikes out looking
Batting: LHB Juan Concepcion 0-0: Ball
1-0: Ball
2-0: Ground out 3-1 (Groundball, 34, EV 83.8 MPH)
Batting: RHB Danny Dyer 0-0: Ball
1-0: Ball
2-0: Called Strike
2-1: Called Strike
2-2: Ball
3-2: Base on Balls
Batting: RHB Tsutomu Irie 0-0: Foul Ball, location: 2F
0-1: TRIPLE (Line Drive, 9LD, EV 102.5 MPH)
Danny Dyer scores
Batting: RHB Ben Mischnick 0-0: Called Strike
0-1: Called Strike
0-2: Ball
1-2: Strikes out looking
Bottom of the 2nd over - 1 run, 1 hit, 0 errors, 1 left on base; Arizona 3 - Los Angeles 1
TOP OF THE 3RD
Arizona Diamondbacks batting - Pitching for Los Angeles Dodgers : RHP Kalititi Haki
Batting: LHB Jason Peck 0-0: Called Strike
0-1: Called Strike
0-2: Ball
1-2: Ball
2-2: Foul Ball, location: 2F
2-2: SINGLE (Line Drive, 7S, EV 106.2 MPH)
Batting: LHB Joel Kunkler 0-0: Ball
Jason Peck is caught stealing 2nd base 2-6
1-0: Ball
2-0: Ball
3-0: Called Strike
3-1: Base on Balls
Batting: RHB Andy Swaim 0-0: Ball
1-0: Foul Ball, location: 2F
1-1: Ball
2-1: Foul Ball, location: 2F
2-2: Ball
3-2: Strikes out swinging
Batting: SHB Salvador Aragon 0-0: Foul Ball, location: 2F
0-1: SINGLE (Groundball, 34D, EV 101.2 MPH)
Joel Kunkler to second
Runner from 2nd tries for 3rd, OUT! 9-5
Top of the 3rd over - 0 runs, 2 hits, 0 errors, 1 left on base; Arizona 3 - Los Angeles 1
BOTTOM OF THE 3RD
Los Angeles Dodgers batting - Pitching for Arizona Diamondbacks : LHP Murphy Quirk
Batting: RHB Leonardo Nava 0-0: Ball
1-0: Called Strike
1-1: Foul Ball, location: 2F
1-2: Foul Ball, location: 2F
1-2: Ball
2-2: Ground out 5-3 (Groundball, 56S, EV 83.1 MPH)
Batting: RHB Tim Nettles 0-0: Called Strike
0-1: Called Strike
0-2: Ball
1-2: Strikes out swinging
Batting: SHB Joel Baker 0-0: Called Strike
0-1: Swinging Strike
0-2: Ground out 4-3 (Groundball, 4M, EV 94.4 MPH)
Bottom of the 3rd over - 0 runs, 0 hits, 0 errors, 0 left on base; Arizona 3 - Los Angeles 1
TOP OF THE 4TH
Arizona Diamondbacks batting - Pitching for Los Angeles Dodgers : RHP Kalititi Haki
Batting: LHB Mike Mentzer 0-0: Ball
1-0: Called Strike
1-1: Called Strike
1-2: SINGLE (Flyball, 8RS, EV 95.0 MPH)
Batting: SHB Warren Eisner 0-0: DOUBLE (Line Drive, 8RXD, EV 103.8 MPH)
Mike Mentzer to third
Batting: RHB Katilimomi Kelekolio 0-0: Ball
1-0: Foul Ball, location: 2F
1-1: Called Strike
1-2: Strikes out swinging
Batting: LHB Roy Steigerwald 0-0: Ball
1-0: Ball
2-0: Called Strike
2-1: Foul Ball, location: 2F
2-2: Foul Ball, location: 2F
2-2: Ball
3-2: Ground out 4-3 (Groundball, 4, EV 110.0 MPH)
Mike Mentzer scores
Warren Eisner to third
Batting: SHB Perry Tuckfard 0-0: Ground out 4-3 (Groundball, 4M, EV 106.2 MPH)
Top of the 4th over - 1 run, 2 hits, 0 errors, 1 left on base; Arizona 4 - Los Angeles 1
BOTTOM OF THE 4TH
Los Angeles Dodgers batting - Pitching for Arizona Diamondbacks : LHP Murphy Quirk
Batting: LHB Lirak Bazhunaishvili 0-0: Called Strike
0-1: Ball
1-1: Ball
2-1: Fly out, F8 (Flyball, 78D, EV 103.8 MPH)
Batting: RHB Clay Buchanan 0-0: Fly out, F8 (Flyball, 8RS, EV 90.6 MPH)
Batting: LHB Juan Concepcion 0-0: Swinging Strike
0-1: Called Strike
0-2: Hit by Pitch
Batting: RHB Danny Dyer 0-0: DOUBLE (Line Drive, 9LM, EV 105.6 MPH)
Juan Concepcion to third
Runner from 3rd tries for Home, SAFE, no throw by RF
Batting: RHB Tsutomu Irie 0-0: Ball
1-0: Called Strike
1-1: Swinging Strike
1-2: Strikes out swinging
Bottom of the 4th over - 1 run, 1 hit, 0 errors, 1 left on base; Arizona 4 - Los Angeles 2
TOP OF THE 5TH
Arizona Diamondbacks batting - Pitching for Los Angeles Dodgers : RHP Kalititi Haki
Batting: LHB Jason Peck 0-0: Called Strike
0-1: SINGLE (Groundball, 4MD, EV 103.1 MPH)
Batting: LHB Joel Kunkler 0-0: Called Strike
Jason Peck is caught stealing 2nd base 2-6
0-1: Called Strike
0-2: SOLO HOME RUN (Flyball, 89XD, EV 98.8 MPH), Distance : 396 ft
Pitching: RHP Nick Harmon
Batting: RHB Andy Swaim 0-0: Called Strike
0-1: Foul Ball, location: 2F
0-2: Strikes out swinging
Batting: SHB Salvador Aragon 0-0: Called Strike
0-1: Ball
1-1: Foul Ball, location: 2F
1-2: Ball
2-2: Foul Ball, location: 2F
2-2: Strikes out swinging
Top of the 5th over - 1 run, 2 hits, 0 errors, 0 left on base; Arizona 5 - Los Angeles 2
BOTTOM OF THE 5TH
Los Angeles Dodgers batting - Pitching for Arizona Diamondbacks : LHP Murphy Quirk
Batting: RHB Ben Mischnick 0-0: Called Strike
0-1: Swinging Strike
0-2: Strikes out swinging
Batting: RHB Leonardo Nava 0-0: Ball
1-0: Ball
2-0: Called Strike
2-1: SINGLE (Groundball, 6M, EV 101.9 MPH) (infield hit)
Batting: RHB Tim Nettles 0-0: Foul Ball, location: 2F
0-1: Ball
1-1: SINGLE (Groundball, 13, EV 78.8 MPH) (infield hit)
Leonardo Nava to second
Batting: SHB Joel Baker 0-0: Grounds into double play, 4-6-3 (Groundball, 4M, EV 87.5 MPH)
Bottom of the 5th over - 0 runs, 2 hits, 0 errors, 1 left on base; Arizona 5 - Los Angeles 2
TOP OF THE 6TH
Arizona Diamondbacks batting - Pitching for Los Angeles Dodgers : RHP Nick Harmon
Batting: LHB Mike Mentzer 0-0: Ball
1-0: Ball
2-0: Called Strike
2-1: Ball
3-1: Foul Ball, location: 2F
3-2: Foul Ball, location: 2F
3-2: Strikes out looking
Batting: SHB Warren Eisner 0-0: Called Strike
0-1: Reached on error, E3 (Groundball, 3, EV 89.4 MPH)
Batting: RHB Katilimomi Kelekolio 0-0: Ball
Warren Eisner steals 2nd base (no throw)
1-0: Ball
2-0: Ball
3-0: Called Strike
3-1: Foul Ball, location: 2F
3-2: Foul Ball, location: 2F
3-2: Foul Ball, location: 2F
3-2: Foul Ball, location: 2F
3-2: Foul Ball, location: 2F
3-2: Foul Ball, location: 2F
3-2: Fly out, F8 (Flyball, 89M, EV 93.1 MPH)
Batting: LHB Roy Steigerwald 0-0: Ground out 6-3 (Groundball, 6M, EV 91.2 MPH)
Top of the 6th over - 0 runs, 0 hits, 1 error, 1 left on base; Arizona 5 - Los Angeles 2
BOTTOM OF THE 6TH
Los Angeles Dodgers batting - Pitching for Arizona Diamondbacks : LHP Murphy Quirk
Batting: LHB Lirak Bazhunaishvili 0-0: Ball
1-0: Fly out, F8 (Flyball, 8LD, EV 105.0 MPH)
Batting: RHB Clay Buchanan 0-0: Called Strike
0-1: Swinging Strike
0-2: Foul Ball, location: 2F
0-2: Ball
1-2: Ball
2-2: Ball
3-2: Base on Balls
Batting: LHB Juan Concepcion 0-0: Grounds into double play, 4-6-3 (Groundball, 4, EV 106.9 MPH)
Bottom of the 6th over - 0 runs, 0 hits, 0 errors, 0 left on base; Arizona 5 - Los Angeles 2
TOP OF THE 7TH
Arizona Diamondbacks batting - Pitching for Los Angeles Dodgers : RHP Nick Harmon
Pitching: RHP Craig Fallon
Batting: SHB Perry Tuckfard 0-0: Ball
1-0: Ground out U3 (Groundball, 3, EV 80.6 MPH)
Batting: LHB Jason Peck 0-0: Called Strike
0-1: Ball
1-1: Foul Ball, location: 2F
1-2: Strikes out swinging
Batting: LHB Joel Kunkler 0-0: Called Strike
0-1: Swinging Strike
0-2: Ball
1-2: Ball
2-2: Ground out 4-3 (Groundball, 4, EV 80.6 MPH)
Top of the 7th over - 0 runs, 0 hits, 0 errors, 0 left on base; Arizona 5 - Los Angeles 2
BOTTOM OF THE 7TH
Los Angeles Dodgers batting - Pitching for Arizona Diamondbacks : LHP Murphy Quirk
Batting: RHB Danny Dyer 0-0: Ball
1-0: Ball
2-0: Called Strike
2-1: Ball
3-1: Base on Balls
Batting: RHB Tsutomu Irie 0-0: Called Strike
0-1: Ground out 4-3 (Groundball, 34, EV 102.5 MPH)
Danny Dyer to second
Batting: RHB Ben Mischnick 0-0: Ball
1-0: Swinging Strike
1-1: Swinging Strike
1-2: Ball
2-2: Foul Ball, location: 2F
2-2: 2-RUN HOME RUN (Flyball, 7D, EV 98.1 MPH), Distance : 380 ft
Batting: RHB Leonardo Nava 0-0: Ball
1-0: Called Strike
1-1: Ball
2-1: Foul Ball, location: 2F
2-2: Foul Ball, location: 2F
2-2: Ground out U3 (Groundball, 3, EV 85.6 MPH)
Batting: RHB Tim Nettles 0-0: Ball
1-0: Ball
2-0: Ground out 4-3 (Groundball, 4, EV 99.4 MPH)
Bottom of the 7th over - 2 runs, 1 hit, 0 errors, 0 left on base; Arizona 5 - Los Angeles 4
TOP OF THE 8TH
Arizona Diamondbacks batting - Pitching for Los Angeles Dodgers : RHP Craig Fallon
Pitching: RHP Joon-ho Rhee
Batting: RHB Andy Swaim 0-0: Foul Ball, location: 2F
0-1: Ball
1-1: Foul Ball, location: 2F
1-2: Ball
2-2: Ball
3-2: Foul Ball, location: 2F
3-2: Fly out, F7 (Flyball, 78S, EV 75.6 MPH)
Batting: SHB Salvador Aragon 0-0: SOLO HOME RUN (Flyball, 8RXD, EV 106.2 MPH), Distance : 415 ft
Batting: LHB Mike Mentzer 0-0: Swinging Strike
0-1: Ball
1-1: Called Strike
1-2: Ball
2-2: Strikes out swinging
Batting: SHB Warren Eisner 0-0: SINGLE (Line Drive, 34, EV 96.9 MPH)
Batting: RHB Katilimomi Kelekolio 0-0: Swinging Strike
0-1: Called Strike
0-2: Foul Ball, location: 2F
0-2: Ball
1-2: Strikes out swinging
Top of the 8th over - 1 run, 2 hits, 0 errors, 1 left on base; Arizona 6 - Los Angeles 4
BOTTOM OF THE 8TH
Los Angeles Dodgers batting - Pitching for Arizona Diamondbacks : LHP Murphy Quirk
Batting: SHB Joel Baker 0-0: Foul Ball, location: 2F
0-1: Foul Ball, location: 2F
0-2: Foul Ball, location: 2F
0-2: Ball
1-2: Ground out 6-3 (Groundball, 6, EV 81.2 MPH)
Pitching: RHP Stanford Placard
Batting: LHB Lirak Bazhunaishvili 0-0: Foul Ball, location: 2F
0-1: Swinging Strike
0-2: Foul Ball, location: 2F
0-2: Foul Ball, location: 2F
0-2: Ball
1-2: Ground out U3 (Groundball, 3L, EV 108.8 MPH)
Batting: RHB Clay Buchanan 0-0: Reached on error, E1 (Groundball, 13S, EV 68.1 MPH)
Batting: LHB Juan Concepcion 0-0: Called Strike
0-1: Ground out 4-3 (Groundball, 4, EV 99.4 MPH)
Bottom of the 8th over - 0 runs, 0 hits, 1 error, 1 left on base; Arizona 6 - Los Angeles 4
TOP OF THE 9TH
Arizona Diamondbacks batting - Pitching for Los Angeles Dodgers : RHP Joon-ho Rhee
Pitching: LHP Sam Zegarelli
Pinch Hitting: RHB Bob Najar 0-0: Ball
1-0: Ball
2-0: Ball
3-0: Called Strike
3-1: Swinging Strike
3-2: Strikes out swinging
Batting: SHB Perry Tuckfard 0-0: Ball
1-0: Ball
2-0: Ball
3-0: Called Strike
3-1: Foul Ball, location: 2F
3-2: Foul Ball, location: 2F
3-2: Strikes out swinging
Batting: LHB Jason Peck 0-0: Ball
1-0: Foul Ball, location: 2F
1-1: Foul Ball, location: 2F
1-2: Fly out, F7 (Line Drive, 7LS, EV 93.1 MPH)
Top of the 9th over - 0 runs, 0 hits, 0 errors, 0 left on base; Arizona 6 - Los Angeles 4
BOTTOM OF THE 9TH
Los Angeles Dodgers batting - Pitching for Arizona Diamondbacks : RHP Stanford Placard
Pitching: LHP Chris Baran
Now in LF: Bob Najar
Now in RF: Joel Kunkler
Batting: RHB Danny Dyer 0-0: Swinging Strike
0-1: Fly out, F8 (Flyball, 8RXD, EV 97.5 MPH)
Batting: RHB Tsutomu Irie 0-0: Called Strike
0-1: Swinging Strike
0-2: SINGLE (Groundball, 2L, EV 63.8 MPH) (infield hit)
Batting: RHB Ben Mischnick 0-0: Swinging Strike
0-1: Grounds into double play, 4-6-3 (Groundball, 4M, EV 101.9 MPH)
Bottom of the 9th over - 0 runs, 1 hit, 0 errors, 0 left on base; Arizona 6 - Los Angeles 4
Tuesday, March 28th , 2023 - OOTP Baseball 23.10 Build 110